 Dungeon Crawl Stone Soup version 0.26.0-20-g3ca415f5b8 (webtiles) character file.

Game seed: 14135138848380199721

47 kaeus the Firebug (level 3, -5/19 HPs)
             Began as a Gargoyle Fire Elementalist on Jan 24, 2021.
             Slain by a scorpion (6 damage)
             ... on level 4 of the Dungeon.
             The game lasted 00:01:34 (1918 turns).

kaeus the Firebug (Gargoyle Fire Elementalist)      Turns: 1918, Time: 00:01:35

Health: -5/19      AC:  5    Str: 11    XL:     3   Next: 70%
Magic:  6/6        EV: 12    Int: 16    God:
Gold:   48         SH:  0    Dex: 10    Spells: 5/6 levels left

rFire    . . .     SeeInvis .   c - +0 short sword
rCold    . . .     Faith    .   (no shield)
rNeg     + . .     Spirit   .   a - +0 robe
rPois    ∞         Reflect  .   (no helmet)
rElec    +         Harm     .   (no cloak)
rCorr    .         Rampage  .   (no gloves)
Will     .....                  (no boots)
Stlth    ++........             (no amulet)
HPRegen  0.06/turn              (no ring)
MPRegen  0.10/turn              (no ring)

@: no status effects
A: negative energy resistance 1, electricity resistance, unbreathing,
petrification resistance, miasma immunity, AC +3
a: no special abilities


You were on level 4 of the Dungeon.
You visited 1 branch of the dungeon, and saw 3 of its levels.

You collected 48 gold pieces.

Inventory:

Hand Weapons
 c - a +0 short sword (weapon)
Armour
 a - a +0 robe (worn)
Scrolls
 b - a scroll of enchant armour {unknown}
 d - a scroll of immolation {unknown}
 e - 2 scrolls of teleportation {unknown}
 i - a scroll of fog {unknown}
Potions
 f - a potion of invisibility {unknown}
 g - a potion of attraction {unknown}
 h - a potion of ambrosia {unknown}


   Skills:
 + Level 2.0 Dodging
 + Level 2.8 Stealth
 + Level 2.3 Spellcasting
 + Level 1.9 Conjurations
 + Level 3.3 Fire Magic


You had 5 spell levels left.
You knew the following spells:

 Your Spells              Type           Power        Failure   Level
a - Foxfire               Conj/Fire      40%          7%          1

Your spell library contained the following spells:

 Spells                   Type           Power        Failure   Level
 Conjure Flame            Conj/Fire      10%          21%         3
 Inner Flame              Hex/Fire       7%           30%         3
 Sticky Flame             Conj/Fire      10%          56%         4
 Fireball                 Conj/Fire      5%           88%         5


Dungeon Overview and Level Annotations

Branches:
Dungeon (2/15)

Altars:


Innate Abilities, Weirdness & Mutations

You are resistant to torment.
Your stone body is resilient. (AC +3)
You are immune to poison.
You resist negative energy. (rN+)
You are resistant to electric shocks. (rElec)
You can survive without breathing.
You are immune to petrification.
You are immune to miasma.


Message History

The phantom barely misses you.
You barely miss the phantom. The phantom hits you.
The phantom blinks!
You take 6 damage, and have 9/19 hp.
MASSIVE DAMAGE!!
You barely miss the phantom.
The scorpion stings you but does no damage.
The phantom hits you.
* * * LOW HITPOINT WARNING * * *
The phantom blinks!
You take 6 damage, and have 3/19 hp.
MASSIVE DAMAGE!!
An ooze comes into view.
Found a scroll labelled SALIDUAVIR and a scroll labelled MENUDW NANEM.
You hit the ooze.
The ooze is moderately wounded.
The ooze closely misses you. The scorpion misses you.
You hit the ooze.
The ooze is heavily wounded.
The ooze hits you.
* * * LOW HITPOINT WARNING * * *
The scorpion stings you.
You die...

### .... .....
##############.....?
#####........oWs@J......
#.....############......
#.##### ....? #.# ....
#.# .## '.# # '.# ### #


You could see a phantom, a scorpion, an ooze and an orc.

Vanquished Creatures
  An adder (D:2)
  An ooze (D:2)
  2 leopard geckos
  8 bats
  A giant cockroach (D:1)
  2 goblins (D:1)
  5 hobgoblins
  A ball python (D:1)
  2 frilled lizards (D:2)
  4 kobolds
  4 rats (D:1)
31 creatures vanquished.

Vanquished Creatures (others)
  61 foxfires
61 creatures vanquished.

Grand Total: 92 creatures vanquished

Notes
Turn   | Place    | Note
-------+----------+-------------------------------------------
     0 | D:1      | kaeus the Gargoyle Fire Elementalist began the quest for
                  | the Orb.
     0 | D:1      | Reached XP level 1. HP: 10/10 MP: 3/3
   637 | D:1      | Reached XP level 2. HP: 15/15 MP: 3/5
  1340 | D:1      | Reached XP level 3. HP: 19/19 MP: 0/6
  1890 | D:2      | You fall into a shaft and drop 2 floors!
  1891 | D:4      | Noticed a phantom
  1891 | D:4      | Noticed a scorpion
  1918 | D:4      | Slain by a scorpion

Illustrated notes

Levels and vault maps discovered:
D:1:      noname_arrival_rooms_in_the_neighbourhood, layout_loops_corners,
          minmay_curled_crystal
D:2:      layout_loops_corners, minmay_pentomino_pile, uniq_jessica,
          uniq_crazy_yiuf_cottage
D:4:      layout_loops_ring, lemuel_round_altar, nicolae_ossuary_entry_monument,
          kennysheep_generic_room_4, uniq_ijyb

Skill      XL: |  1  2  3 |
---------------+----------+-----
Dodging        | 2 |  2.0
Stealth        | |  2.8
Spellcasting   | |  2.3
Conjurations   | |  1.9
Fire Magic     | |  3.3

Action                   || total
-------------------------++-------
Melee: Unarmed           ||    20
       Short sword       ||    34
 Cast: Foxfire           ||    55
 Stab: Sleeping          ||     2
Armor: Robe              ||    11
Dodge: Dodged            ||    32
